 Dungeon Crawl Stone Soup version 0.18-a0-1542-g9c1a92e (webtiles) character file.

39 4thArraOfDagon the Skirmisher (level 3, -1/34 HPs)
             Began as a Naga Abyssal Knight on Mar 10, 2016.
             Was a Follower of Lugonu.
             Slain by Grinder (5 damage)
             ... on level 3 of the Dungeon.
             The game lasted 00:02:49 (548 turns).

4thArraOfDagon the Skirmisher (Naga Abyssal Knight)  Turns: 548, Time: 00:02:50

Health: -1/34      AC:  6    Str: 14    XL:     3   Next: 45%
Magic:  4/4        EV:  2    Int: 13    God:    Lugonu [*.....]
Gold:   82         SH:  0    Dex: 10    Spells: 0 memorised, 2 levels left

rFire  . . .     SeeInvis +     e - +1 falchion (slice)
rCold  . . .     Gourm    .     j - +0 plate armour
rNeg   . . .     Faith    .     (no shield)
rPois  +         Spirit   .     (no helmet)
rElec  .         Dismiss  .     (no cloak)
rCorr  .         Reflect  .     (no gloves)
SustAt .         Harm     .     (no barding)
MR     .....                    (no amulet)
Stlth  ..........               (no ring)
                                (no ring)

@: very slow, not resistant to hostile enchantments, extremely unstealthy
A: see invisible, deformed body, poison resistance, slowness 2, slow metabolism
1, spit poison 2, AC +1
a: Spit Poison, Depart the Abyss, Renounce Religion


You were on level 3 of the Dungeon.
You worshipped Lugonu.
Lugonu was aware of your devotion.
You were not hungry.

You visited 1 branch of the dungeon, and saw 3 of its levels.
You visited the Abyss 1 time.

You collected 82 gold pieces.

Inventory:

Hand Weapons
 a - a +1 falchion
 e - a +1 falchion of slicing (weapon)
Missiles
 h - 13 poisoned needles
Armour
 j - a +0 plate armour (worn)
Scrolls
 d - a scroll of enchant armour
 g - a scroll of identify
Potions
 f - a potion of cancellation
Comestibles
 c - 2 bread rations


   Skills:
 - Level 3.0 Fighting
 * Level 2.9 Long Blades
 + Level 1.8 Armour
 + Level 1.2 Dodging
 + Level 2.5 Invocations


You had 2 spell levels left.
You didn't know any spells.

Dungeon Overview and Level Annotations

Branches:
Dungeon (3/15)

Altars:

Annotations:
D:3 Grinder


Innate Abilities, Weirdness & Mutations

You cannot wear boots.
Your serpentine skin is tough (AC +1).
You have supernaturally acute eyesight.
Armour fits poorly on your strangely shaped body.
Your system is resistant to poisons.
You cover ground very slowly.
You have a slow metabolism.
You can spit poison.


Message History

Unknown command.
Unknown command.
Grinder gestures at you.
You suddenly lose the ability to move!
Grinder says, "There's only one good use for a tongue: cutting it out."
Grinder says, "You look like you could use a good racking."
Grinder hits you.
You writhe in agony.
Grinder hits you.
* * * LOW HITPOINT WARNING * * *
You writhe in agony.
* * * LOW HITPOINT WARNING * * *
Grinder says, "Are you a fish?" Grinder hits you but does no damage.
You can move again.
Unknown command.
Unknown command.
Unknown command.
Unknown command.
Grinder hits you.
You die...

#.# #.# #.# #.#
#.# #.# #.# #.#
### #.# #.#
##.###.#
###.###.#.##.#
#......###.#.#
#.#.###.#.##@#
#.#.# ##.###5# #
#.# #.###.##
#.####.##.$.####
..................
....######...#####
##. ##.## #.# #.#


You could see Grinder.

Vanquished Creatures
  An adder (D:3)
  3 dart slugs (D:1)
  A giant cockroach (D:1)
  4 goblins (D:1)
  2 hobgoblins (D:1)
  3 jackals (D:1)
  3 kobolds (D:1)
  3 bats (D:1)
  2 rats (D:1)
22 creatures vanquished.

Vanquished Creatures (others)
  Jessica (D:2)
1 creature vanquished.

Grand Total: 23 creatures vanquished

Notes
Turn   | Place    | Note
--------------------------------------------------------------
     0 | Abyss:1  | 4thArraOfDagon the Naga Abyssal Knight began the quest for the Orb.
     0 | Abyss:1  | Reached XP level 1. HP: 21/21 MP: 2/2
    71 | Abyss:2  | Noticed a great orb of eyes
   120 | Abyss:3  | Noticed a quasit
   122 | D:1      | Escaped the Abyss
   143 | D:1      | Reached * piety under Lugonu
   146 | D:1      | Reached XP level 2. HP: 16/28 MP: 3/3
   225 | D:1      | Reached skill level 1 in Dodging
   278 | D:1      | Reached XP level 3. HP: 23/34 MP: 4/4
   396 | D:2      | Killed Jessica
   536 | D:3      | Noticed Grinder
   542 | D:3      | Paralysed by Grinder for 5 turns
   548 | D:3      | Slain by Grinder

Vault maps used:
D:1:      dpeg_arrival_houses_and_road
D:2:      fiery_altar_vehumet, uniq_jessica, uniq_natasha
D:3:      makhleb_blood_cavern_becter, uniq_sigmund, uniq_grinder
Abyss:3:  kilobyte_mutagenic_chamber, hangedman_abyss_rune_flesh_and_stone,
          evilmike_abyss_exit_12

Skill      XL: |  1  2 |
---------------+-------+-----
Dodging        | 1 |  1.2
Fighting       | |  3.0
Long Blades    | |  2.9
Armour         | |  1.8
Invocations    | |  2.5

Action                   || total
-------------------------++-------
Melee: Falchion          ||    43
Invok: Depart the Abyss  ||     1
 Abil: Spit Poison       ||     9
  Use: Scroll            ||     2
       Potion            ||     2
